 Dungeon Crawl Stone Soup version 0.27-a0-1513-g2aaa0cc67b (webtiles) character file.

Game seed: 10508053338747678153

179 dickylongcocking the Skirmisher (level 5, -4/43 HPs)
             Began as a Djinni Wanderer on July 9, 2021.
             Slain by Grinder (6 damage)
             ... on level 3 of the Dungeon.
             The game lasted 00:03:04 (3569 turns).

dickylongcocking the Skirmisher (Djinni Wanderer)   Turns: 3569, Time: 00:03:04

Health: -4/43      AC:  6    Str: 12    XL:     5   Next: 90%
Gold:   179        EV: 10    Int: 15    God:
                   SH:  0    Dex: 11

rFire    + + +     SeeInvis .   a - +2 quarterstaff
rCold    x . .     Faith    .   (shield currently unavailable)
rNeg     . . .     Spirit   .   h - +0 ring mail
rPois    ∞         Reflect  .   l - +0 helmet
rElec    .         Harm     .   (no cloak)
rCorr    .         Rampage  .   (no gloves)
Will     +....                  (boots unavailable)
Stlth    +.........             (no amulet)
HPRegen  0.14/turn              d - ring of willpower
MPRegen  0.00/turn              m - ring of protection from fire

@: mighty, flying, very slightly contaminated, invisible
A: sickness immunity, fire resistance 2, cold vulnerability 1, float, innate
caster, hp casting, extra vitality 1
a: no special abilities


You were on level 3 of the Dungeon.
You visited 1 branch of the dungeon, and saw 3 of its levels.

You collected 179 gold pieces.

Inventory:

Hand Weapons
 a - a +2 quarterstaff (weapon)
Armour
 b - a +0 robe
 h - a +0 ring mail (worn)
 l - a +0 helmet (worn)
Jewellery
 d - a ring of willpower (left hand)
 m - a ring of protection from fire (right hand)
Wands
 n - a wand of iceblast (5)
Scrolls
 e - 2 scrolls of teleportation {unknown}
 f - 2 scrolls of amnesia {unknown}
 g - a scroll of enchant armour {unknown}
 i - a scroll of noise {unknown}
Potions
 c - a potion of lignification {unknown}


   Skills:
 - Level 5.2 Fighting
 - Level 1.9(2.6) Maces & Flails
 * Level 3.0(3.3) Staves
 + Level 1.0 Armour
 - Level 1.0 Stealth
 - Level 1.0 Shields
 * Level 2.1 Spellcasting


You couldn't memorise any spells.
You knew the following spells:

 Your Spells              Type           Power      Damage    Failure   Level
a - Call Canine Familiar  Summ           8%         N/A       52%         3
b - Summon Small Mammal   Summ           32%        N/A       21%         1
c - Sting                 Tmut/Pois      32%        1d4       21%         1
d - Spider Form           Tmut/Pois      4%         N/A       52%         3
e - Freeze                Ice            32%        1d5       21%         1
f - Call Imp              Summ           8%         N/A       30%         2

Your spell library contained the following spells:

 Spells                   Type           Power      Damage    Failure   Level


Dungeon Overview and Level Annotations

Branches:
Dungeon (3/15)

Altars:

Annotations:
D:3 Grinder


Innate Abilities, Weirdness & Mutations

You are immune to sickness and miasma.
You are immune to poison.
Your flesh is very heat resistant. (rF++)
You are vulnerable to cold. (rC-)
You float through the air rather than walking.
You learn spells naturally, not from books.
Your magical power is your life essence.
You have superior vitality. (+4 HP)


Message History

You feel very mighty all of a sudden.
Your crimson imp blinks!
Grinder barely misses you.
You sock Grinder!
Grinder is heavily wounded.
Your crimson imp hits Grinder.
Grinder barely misses you.
You thump Grinder!
Grinder is almost dead.
Grinder looks more healthy.
Your crimson imp blinks!
Grinder gestures at you. Pain shoots through your body!
* * * LOW HITPOINT WARNING * * *
Unknown command.
You completely miss Grinder.
Grinder is almost dead.
Grinder misses you.
You barely miss Grinder.
Grinder is almost dead.
Grinder blinks!
Casting: Sting (safe; 21% risk of failure)
Confirm with . or Enter, or press ? or * to list all spells.
Aiming: Sting (safe; 21% risk of failure)
Press: ? - help, Shift-Dir - straight line, f/p - Grinder
Aim: Grinder, carrying a wand of flame (8) (almost dead, ally target, 64% to hit)
The sting hits Grinder but does no damage.
Grinder is poisoned.
Grinder is almost dead.
* * * LOW HITPOINT WARNING * * *
Your white imp is no longer paralysed.
Unknown command.
Unknown command.
Unknown command.
Unknown command.
You completely miss Grinder.
Grinder is almost dead.
Your white imp barely misses Grinder.
Grinder hits you!
* * * LOW HITPOINT WARNING * * *
You writhe in agony.
You die...

# #. #.#######
#.......########
##......#......#######
####...555#......#......
........@................
###################......
####### ## #. ######
#####.


You could see Grinder (poisoned, ally target), a friendly crimson imp (summoned)
and a friendly white imp (summoned).

Vanquished Creatures
  A scorpion (D:2)
  5 adders
  A gnoll (D:1)
  A dart slug (D:2)
  8 ball pythons
  4 endoplasms
  3 giant cockroaches
  3 goblins (D:2)
  8 hobgoblins
  4 jackals (D:2)
  9 kobolds
  5 bats
  A frilled lizard (D:1)
  7 rats
60 creatures vanquished.

Notes
Turn   | Place    | Note
-------+----------+-------------------------------------------
     0 | D:1      | dickylongcocking the Djinni Wanderer began the quest for
                  | the Orb.
     0 | D:1      | Reached XP level 1. HP: 22/22 MP: 0/0
   190 | D:1      | Reached XP level 2. HP: 28/28 MP: 0/0
   584 | D:1      | Found a faded altar of an unknown god.
   591 | D:1      | Reached XP level 3. HP: 24/33 MP: 0/0
   591 | D:1      | Learned a level 1 spell: Freeze
  1169 | D:1      | Reached skill level 1 in Spellcasting
  1945 | D:2      | Noticed a scorpion
  1956 | D:2      | Killed a scorpion
  1957 | D:2      | Reached XP level 4. HP: 24/39 MP: 0/0
  1957 | D:2      | Reached XP level 5. HP: 26/43 MP: 0/0
  1957 | D:2      | Learned a level 2 spell: Call Imp
  3504 | D:3      | Noticed Grinder
  3569 | D:3      | HP: 2/43 [Grinder (7)]
  3569 | D:3      | Slain by Grinder

Illustrated notes

Levels and vault maps discovered:
D:1:      wheals_arrival_linesprint, layout_basic,
          shapermc_ecumenical_altar_pompeii, kennysheep_crisscross,
          kennysheep_boxes
D:2:      layout_basic, kennysheep_generic_room_7
D:3:      layout_basic, minmay_misc_feat_ornament, uniq_grinder

Skill      XL: |  1  2  3  4  5 |
---------------+----------------+-----
Spellcasting   | 1 2 |  2.1
Staves         | 2 3 |  3.0
Fighting       | |  5.2
Maces & Flails | |  1.9
Armour         | |  1.0
Stealth        | |  1.0
Shields        | |  1.0

Action                   |  1- 3 |  4- 6 || total
-------------------------+-------+-------++-------
Melee: Quarterstaff      |    62 |    93 ||   155
 Cast: Sting             |     9 |     8 ||    17
       Call Imp          |       |     4 ||     4
  Use: Potion            |       |     2 ||     2
 Stab: Sleeping          |     3 |       ||     3
Armor: Robe              |    24 |       ||    24
       Ring mail         |       |    35 ||    35
Dodge: Dodged            |    47 |    66 ||   113

Table legend: (Time is in decaauts)
 A = Elapsed time spent in this place.
 B = Non-inter-level travel time spent in this place.
 C = Inter-level travel time spent in this place.
 D = Time resting spent in this place.
 E = Time spent auto-exploring this place.
 F = Levels seen in this place.
 G = Mean time per level.
                   A        B        C        D        E       F      G
               +--------+--------+--------+--------+--------+-----+--------+
         Total |   3592 |   3418 |    174 |    208 |   2692 |   3 | 1197.3 |
       Dungeon |   3592 |   3418 |    174 |    208 |   2692 |   3 | 1197.3 |
               +--------+--------+--------+--------+--------+-----+--------+

Top non-repeatable levels by time:
     D:2: 1744 daAuts
     D:1: 1479 daAuts
     D:3: 368 daAuts
